 Dungeon Crawl Stone Soup version 0.20.2-3-g29329e0561 (webtiles) character file.

244 Alfie the Shooter (level 5, -2/46 HPs)
             Began as a Minotaur Hunter on June 30, 2020.
             Slain by an orc priest
             ... wielding a +0 club
              (4 damage)
             ... on level 4 of the Dungeon.
             The game lasted 00:10:19 (2579 turns).

Alfie the Shooter (Minotaur Hunter)                 Turns: 2579, Time: 00:10:19

Health: -2/46      AC:  3    Str: 17    XL:     5   Next: 83%
Magic:  4/4        EV: 12    Int:  8    God:
Gold:   263        SH:  0    Dex: 11    Spells: 3/4 levels left

rFire    . . .     SeeInvis .   a - +1 shortbow
rCold    . . .     Gourm    .   (shield currently unavailable)
rNeg     . . .     Faith    .   c - +0 leather armour
rPois    .         Spirit   .   (helmet restricted)
rElec    .         Reflect  .   (no cloak)
rCorr    .         Harm     .   (no gloves)
MR       .....                  (no boots)
Stlth    +.........             (no amulet)
Regen    0.2/turn               (no ring)
MPRegen  0.1/turn               (no ring)

@: about to teleport
A: retaliatory headbutt, horns 2
a: no special abilities


You were on level 4 of the Dungeon.
You were not hungry.

You visited 1 branch of the dungeon, and saw 4 of its levels.

You collected 263 gold pieces.

Inventory:

Hand Weapons
 a - a +1 shortbow (weapon)
 b - a +0 short sword
Missiles
 d - 16 arrows (quivered)
Armour
 c - a +0 leather armour (worn)
Jewellery
 i - an uncursed ring of wizardry
 k - an uncursed ring of ice
 p - an uncursed amulet of faith {unknown}
Wands
 j - a wand of disintegration (9/24)
Scrolls
 e - a scroll of identify
 h - a scroll of teleportation
 n - a scroll of remove curse
Books
 m - a book of Maledictions

   Spells                             Type                      Level
   a - Corona                         Hexes                        1
   b - Ensorcelled Hibernation        Hexes/Ice                    2
   c - Confuse                        Hexes                        3
   d - Tukima's Dance                 Hexes                        3
   e - Dazzling Spray                 Conjuration/Hexes            3
Comestibles
 f - 3 bread rations
 g - 3 meat rations
 o - a royal jelly


   Skills:
 + Level 3.7 Fighting
 + Level 0.7 Short Blades
 + Level 6.8 Bows
 + Level 1.4 Armour
 + Level 2.4 Dodging
 + Level 1.2 Stealth


You had 3 spell levels left.
You knew the following spells:

 Your Spells              Type           Power        Failure   Level  Hunger
a - Corona                Hex            #......      45%         1    ##.....


Dungeon Overview and Level Annotations

Branches:
Dungeon (4/15)
 Temple: D:4-7

Altars:
Qazlal
Sif Muna
Yredelemnul


Innate Abilities, Weirdness & Mutations

You reflexively headbutt those who attack you in melee.
You have a pair of horns on your head.


Message History

Aim: an orc wizard, wielding a whip and wearing a robe You shoot an arrow.
The arrow barely misses the orc priest.
The arrow barely misses the orc wizard.
Firing (i - inventory):
d - 17 arrows (quivered)
Press: ? - help, Shift-Dir - straight line, f/p - orc wizard
Aim: an orc wizard, wielding a whip and wearing a robe You shoot an arrow.
The arrow hits the orc wizard but does no damage.
The orc priest barely misses you. You furiously retaliate!
You headbutt the orc priest.
The orc priest invokes the aid of Beogh against you.
Beogh smites you! The orc wizard hits you with a whip.
* * * LOW HITPOINT WARNING * * *
The orc priest mumbles some strange prayers to Beogh against you.
Pain shoots through your body!
* * * LOW HITPOINT WARNING * * *
Unknown command.
As you read the scroll of teleportation, it crumbles to dust.
You feel strangely unstable. The orc priest hits you with a club.
You die...

######.#.#
#...###.##.#. #
#.#.####...#
#.##.#. #
#......#...# #.#
#. # ###.##.#...#
# #. #
####.##.....# #.#
#
........###......
# ####....# (((.
# #..#.###(.# #
#..#.@o)o(# #
#..###o#..# # #.
#.# .# .. ... #
## ###. ##


You could see 2 orc priests and an orc wizard.

Vanquished Creatures
  An iguana (D:4)
  A worker ant (D:4)
  7 adders
  4 gnolls (D:4)
  5 worms
  3 dart slugs
  3 leopard geckos
  2 orcs (D:4)
  2 giant cockroaches
  2 gnoll zombies (D:3)
  7 goblins
  7 hobgoblins
  8 jackals
  5 kobolds
  3 quokkas
  3 ball pythons
  A bat (D:2)
  3 frilled lizards
  7 rats
74 creatures vanquished.

Notes
Turn   | Place    | Note
-------+----------+-------------------------------------------
     0 | D:1      | Alfie the Minotaur Hunter began the quest for the Orb.
     0 | D:1      | Reached XP level 1. HP: 18/18 MP: 0/0
   170 | D:1      | Reached XP level 2. HP: 25/25 MP: 1/1
   178 | D:1      | Reached skill level 5 in Bows
   692 | D:2      | Reached XP level 3. HP: 26/30 MP: 2/2
   959 | D:2      | Reached skill level 6 in Bows
   959 | D:2      | Reached XP level 4. HP: 37/37 MP: 3/3
  1242 | D:2      | Found a stormy altar of Qazlal.
  1457 | D:3      | Found a basalt altar of Yredelemnul.
  1946 | D:3      | Learned a level 1 spell: Corona
  2039 | D:3      | Reached XP level 5. HP: 45/45 MP: 4/4
  2304 | D:3      | Found a deep blue altar of Sif Muna.
  2428 | D:4      | Reached skill level 1 in Armour
  2466 | D:4      | Reached skill level 1 in Stealth
  2578 | D:4      | HP: 2/46 [orc priest/nerve-wracking pain (8)]
  2579 | D:4      | Slain by an orc priest

Skill      XL: |  1  2  3  4  5 |
---------------+----------------+-----
Bows           | 5 6 |  6.8
Fighting       | 3 |  3.7
Armour         | 1 |  1.4
Stealth        | 1 |  1.2
Short Blades   | |  0.7
Dodging        | |  2.4

Action                   |  1- 3 |  4- 6 || total
-------------------------+-------+-------++-------
Melee: Short sword       |       |    17 ||    17
       Headbutt          |       |     4 ||     4
 Fire: Shortbow          |   106 |   125 ||   231
  Use: Scroll            |     4 |     5 ||     9
       Potion            |       |     3 ||     3
  Eat: Fruit             |       |     2 ||     2
       Bread ration      |       |     1 ||     1
Armor: Leather armour    |     5 |     4 ||     9
Dodge: Dodged            |    19 |    36 ||    55
